AoeStats
← warvagon

Arena

507467923Analyzed
1v1 RM · 13d ago on Sep 18, 2026· 56m 49s· 2 players
Game mode
Random Map
Map size
Tiny (2 player)
Population
200
Speed
Normal
Resources
Standard
Victory
Conquest
Starting age
Dark Age
Ending age
Imperial Age
RankedLock teamsTeams togetherTeam positionsShared explorationLock speedFull tech treeHidden civsTurbo modeCheats
Victory
Defeat
🇦🇷 Japanese · Argentina
992
+17
🇱🇹 Chinese · Lithuania
1005
-17
Guardia Imperial
8:52 Feudal Age
9:31 Double-Bit Axe
11:06 Horse Collar
17:51 Castle Age
20:16 Heavy Plow
21:01 Bow Saw
26:56 Wheelbarrow
30:24 Imperial Age
27:42 Loom
28:16 Hand Cart
27:49 Town Watch
29:03 Guard Tower
29:08 Fletching
29:18 Pikeman
29:55 Gold Mining
29:58 Stone Mining
30:37 Ballistics
31:13 Yasama
31:05 Arrowslits
32:51 Two-Man Saw
32:32 Gold Shaft Mining
32:43 Keep
31:49 Halberdier
32:30 Squires
32:29 Bodkin Arrow
34:33 Chemistry
33:44 Arson
34:51 Kataparuto
34:47 Siege Engineers
35:02 Bracer
35:53 Scale Mail Armor
36:03 Forging
36:08 Masonry
35:41 Treadmill Crane
36:33 Conscription
38:08 Chain Mail Armor
38:29 Iron Casting
39:57 Plate Mail Armor
42:46 Blast Furnace
45:58 Scale Barding Armor
45:56 Murder Holes
47:04 Town Patrol
52:49 Chain Barding Armor
warvagon
0:25 Loom
10:03 Feudal Age
10:43 Double-Bit Axe
17:32 Castle Age
16:14 Fletching
16:40 Forging
16:49 Horse Collar
17:51 Gold Mining
19:14 Bow Saw
25:30 Fervor
27:38 Bodkin Arrow
27:44 Padded Archer Armor
32:50 Imperial Age
31:41 Light Cavalry
32:32 Bloodlines
32:24 Husbandry
34:58 Heavy Plow
36:26 Iron Casting
38:31 Cavalier
41:22 Ballistics
42:03 Chemistry
43:03 Capped Ram
44:47 Thumb Ring
44:02 Crossbowman
45:37 Conscription
45:45 Conscription
46:12 Arbalester
46:57 Bracer
47:12 Leather Archer Armor
47:58 Blast Furnace
47:04 Scale Barding Armor
52:25 Siege Ram
53:10 Siege Ram
Connection lost

Rejoining the realm…

Still unreachable

The connection could not be restored.

Session expired

The server has moved on; the page needs a fresh start.